 Dungeon Crawl Stone Soup version 0.26-a0-612-gd4d190f45e (webtiles) character file.

Game seed: 14510224716305077162

21 Anathary the Sneak (level 2, -1/22 HPs)
             Began as a Demonspawn Brigand on Sept 9, 2020.
             Slain by an adder (5 damage)
             ... on level 2 of the Dungeon.
             The game lasted 00:06:54 (1750 turns).

Anathary the Sneak (Demonspawn Brigand)             Turns: 1750, Time: 00:06:54

Health: -1/22      AC:  4    Str:  8 (11) XL:     2   Next: 65%
Magic:  2/2        EV: 11    Int: 11 (12) God:
Gold:   8          SH:  0    Dex: 13 (14) Spells: 1/1 levels left

rFire    . . .     SeeInvis .   a - +2 dagger
rCold    . . .     Faith    .   (no shield)
rNeg     . . .     Spirit   .   g - +0 leather armour
rPois    .         Reflect  .   (no helmet)
rElec    .         Harm     .   c - +0 cloak
rCorr    .                      (no gloves)
MR       .....                  (no boots)
Stlth    ++........             (no amulet)
HPRegen  0.07/turn              (no ring)
MPRegen  0.08/turn              (no ring)

@: lethally poisoned (-1 -> -6)
A: claws 1
a: no special abilities


You were on level 2 of the Dungeon.
You visited 1 branch of the dungeon, and saw 2 of its levels.

You collected 8 gold pieces.

Inventory:

Hand Weapons
 a - a +2 dagger (weapon)
Missiles
 d - 2 poisoned darts (quivered)
 e - 2 curare-tipped darts
Armour
 c - a +0 cloak (worn)
 g - a +0 leather armour (worn)
Scrolls
 b - 2 scrolls of remove curse {unknown}


   Skills:
 + Level 2.0 Fighting
 + Level 1.8 Short Blades
 + Level 2.0 Throwing
 + Level 0.9 Dodging
 + Level 4.3 Stealth


You had one spell level left.
You didn't know any spells.
Your spell library was empty.

Dungeon Overview and Level Annotations

Branches:
Dungeon (2/15)

Altars:


Innate Abilities, Weirdness & Mutations

You have sharp fingernails.


Message History

You hit the adder but do no damage.
The adder is moderately wounded.
The adder bites you.
You barely miss the adder.
The adder is moderately wounded.
You feel sick. The adder misses you.
You hit the adder.
The adder is heavily wounded.
The adder completely misses you.
You miss the adder.
The adder is heavily wounded.
You feel sick. The adder bites you but does no damage. The adder bites you.
You barely miss the adder.
The adder is heavily wounded.
The adder bites you.
* * * LOW HITPOINT WARNING * * *
You hit the adder.
The adder is severely wounded.
The adder bites you.
You die...

#.# ##+## #<.#
#.# .# #.... #.#
#.### ##.## #.#
.... .# #.#
#...## .#
#.######.....#
.# #....((.#...#
# .#
#.......#..#..$.
.#
##.###..@.....#
#.# ##.#S#####
#.####.#.#
#......#..
###########


You could see an adder.

Vanquished Creatures
  An adder (D:2)
  2 giant cockroaches
  3 hobgoblins
  2 jackals (D:1)
  2 bats (D:2)
  2 rats (D:1)
12 creatures vanquished.

Notes
Turn   | Place    | Note
-------+----------+-------------------------------------------
     0 | D:1      | Anathary the Demonspawn Brigand began the quest for the
                  | Orb.
     0 | D:1      | Reached XP level 1. HP: 16/16 MP: 1/1
   462 | D:1      | Reached skill level 4 in Stealth
   593 | D:1      | Gained mutation: You have sharp fingernails. [demonic
                  | ancestry]
   593 | D:1      | Reached XP level 2. HP: 22/22 MP: 2/2
  1750 | D:2      | Slain by an adder

Illustrated notes

Levels and vault maps discovered:
D:1:      tarquinn_simple_flora_water_a, layout_basic, nrook_uturn
D:2:      layout_loops_corners, chequers_ecumenical_altar_simple,
          minmay_octomino_e4

Skill      XL: |  1  2 |
---------------+-------+-----
Stealth        | 4 |  4.3
Throwing       | 2 |  2.0
Fighting       | |  2.0
Short Blades   | |  1.8
Dodging        | |  0.9

Action                   || total
-------------------------++-------
Melee: Dagger            ||    39
Throw: Dart              ||    24
  Use: Potion            ||     2
Armor: Leather armour    ||    22
Dodge: Dodged            ||    16

Table legend: (Time is in decaauts)
 A = Elapsed time spent in this place.
 B = Non-inter-level travel time spent in this place.
 C = Inter-level travel time spent in this place.
 D = Time resting spent in this place.
 E = Time spent auto-exploring this place.
 F = Levels seen in this place.
 G = Mean time per level.
                   A        B        C        D        E       F      G
               +--------+--------+--------+--------+--------+-----+--------+
         Total |   1747 |   1706 |     41 |    477 |    801 |   2 |  873.5 |
       Dungeon |   1747 |   1706 |     41 |    477 |    801 |   2 |  873.5 |
               +--------+--------+--------+--------+--------+-----+--------+

Top non-repeatable levels by time:
     D:1: 1232 daAuts
     D:2: 514 daAuts
